 Dungeon Crawl Stone Soup version 0.21-a0-437-ge5bf024 (webtiles) character file.

6633 slep the Carver (level 10, 0/88 HPs)
             Began as a Minotaur Fighter on Nov 10, 2017.
             Was a High Priest of the Shining One.
             Slain by a large slime creature (1 damage)
             ... on level 10 of the Dungeon.
             The game lasted 00:43:13 (7003 turns).

slep the Carver (Minotaur Fighter)                  Turns: 7003, Time: 00:43:14

Health: 0/88       AC: 15    Str: 26    XL:     10   Next: 72%
Magic:  9/9        EV:  9    Int:  8    God:    the Shining One [*****.]
Gold:   357        SH: 12    Dex: 10    Spells: 8/9 levels left

rFire    + . .     SeeInvis .   F - +2 flail (crush)
rCold    . . .     Gourm    .   c - +0 shield
rNeg     + + .     Faith    .   S - +1 chain mail {rF+}
rPois    .         Spirit   .   (helmet restricted)
rElec    +         Reflect  .   (no cloak)
rCorr    .         Harm     .   P - +0 pair of gloves
MR       .....                  i - +0 pair of boots
Stlth    ..........             (no amulet)
HPRegen  0.24/turn              Y - +5 ring of strength
MPRegen  0.11/turn              (no ring)

@: glowing
A: retaliatory headbutt, horns 2, electricity resistance
a: Divine Shield, Cleansing Flame, Summon Divine Warrior, Renounce Religion


You were on level 10 of the Dungeon.
You worshipped the Shining One.
The Shining One was extremely pleased with you.
You were hungry.

You visited 1 branch of the dungeon, and saw 10 of its levels.
You also visited: Ossuary.

You collected 357 gold pieces.

Inventory:

Hand Weapons
 a - a +0 long sword
 F - a +2 flail of crushing (weapon)
Missiles
 w - 3 throwing nets (quivered)
 C - 6 tomahawks
 Z - 2 javelins
Armour
 c - a +0 shield (worn)
 i - a +0 pair of boots (worn)
 P - a +0 pair of gloves (worn)
 S - a +1 chain mail of fire resistance (worn)
Jewellery
 Y - a +5 ring of strength (left hand)
Wands
 o - a wand of paralysis (12/24)
 B - a wand of digging (9/24)
 D - a wand of scattershot (7/9)
 I - a wand of flame (11/48)
 K - a wand of acid (10/15)
 V - a wand of polymorph (8/24)
 W - a wand of iceblast (4/15)
 X - a wand of iceblast (9/15)
Scrolls
 l - a scroll of amnesia
 m - 7 scrolls of blinking
 n - a scroll of magic mapping
 p - a scroll of fear
 q - 9 scrolls of identify
 u - 5 scrolls of remove curse
 y - 7 scrolls of teleportation
 A - a scroll of fog
 G - a scroll of enchant armour
 Q - a scroll of vulnerability
Potions
 d - a potion of might
 e - 4 potions of haste
 h - 9 potions of curing
 j - 2 potions of berserk rage {unknown}
 r - 3 potions of flight {unknown}
 s - 3 potions of degeneration {unknown}
 t - 3 potions of brilliance {unknown}
 x - a potion of mutation {unknown}
 z - 3 potions of resistance {unknown}
 E - 4 potions of heal wounds {unknown}
 H - 2 potions of invisibility {unknown}
 M - a potion of magic {unknown}
Books
 J - a book of Cantrips

   Spells                             Type                      Level
   a - Confusing Touch                Hexes                        1
   b - Animate Skeleton               Necromancy                   1
   c - Summon Small Mammal            Summoning                    1
   d - Apportation                    Translocation                1
 O - a book of Debilitation

   Spells                             Type                      Level
   a - Corona                         Hexes                        1
   b - Slow                           Hexes                        2
   c - Inner Flame                    Hexes/Fire                   3
   d - Portal Projectile              Hexes/Translocation          3
   e - Cause Fear                     Hexes                        4
   f - Leda's Liquefaction            Hexes/Earth                  4
Comestibles
 b - 8 chunks of flesh
 f - 10 bread rations
 g - 6 meat rations
 k - a fruit
 v - 3 royal jellies


   Skills:
 + Level 8.1 Fighting
 + Level 10.0 Long Blades
 + Level 8.6 Maces & Flails
 + Level 0.3 Throwing
 + Level 9.2 Armour
 + Level 4.6 Dodging
 + Level 0.1 Stealth
 + Level 8.7 Shields


You had 8 spell levels left.
You knew the following spells:

 Your Spells              Type           Power        Failure   Level  Hunger
a - Apportation           Tloc           #.....       99%         1    ##.....


Dungeon Overview and Level Annotations

Branches:
Dungeon (10/15)            Temple (0/1) D:4
   Lair: D:8-11         Orc: D:9-12

Altars:
Ashenzari
Elyvilon
Hepliaklqana
Ru
Sif Muna
Vehumet
Xom
Yredelemnul
Zin
The Shining One

Shops:
D:7 [   D:8 =


Innate Abilities, Weirdness & Mutations

You reflexively headbutt those who attack you in melee.
You have a pair of horns on your head.
You are resistant to electric shocks. (rElec)


Message History

Two slime creatures merge to form a very large slime creature.
You sock the very large slime creature!
The very large slime creature is heavily wounded.
You hit the very large slime creature.
The very large slime creature is severely wounded.
You are feeling hungry.
The very large slime creature hits you!!
* * * LOW HITPOINT WARNING * * *
You sock the very large slime creature!
The very large slime creature is severely wounded.
A very large slime creature splits.
You hit the large slime creature.
The large slime creature is severely wounded.
You block the large slime creature's attack.
The slime creature hits you!
* * * LOW HITPOINT WARNING * * *
You hit the large slime creature.
The large slime creature is severely wounded.
The large slime creature hits you.
You die...

####...#...#
...<#.#)..#
###.#.#...#
#.#.#...####.
#..........
##.###.....
#.##.###.##..
#.........# .
#####@##.##
#JJ# .....
........
####.#.#.#
.#.# # .. #
..


You could see a large slime creature and a slime creature.

Vanquished Creatures
  A two-headed ogre (D:10)
  A troll (D:9)
  Grinder (D:4)
  2 hippogriffs
  A spriggan (D:7)
  A hungry ghost (D:7)
  Edmund (D:6)
  4 water moccasins
  5 ice beasts
  2 sky beasts
  A black bear (D:6)
  2 phantoms
  6 ogres
  A crocodile (D:9)
  4 elf zombies (Ossuary)
  5 centaurs
  4 bullfrogs
  3 scorpions
  4 wights (D:10)
  A howler monkey (D:4)
  A crimson imp (D:8)
  5 human zombies (Ossuary)
  3 centaur zombies (Ossuary)
  2 quasits
  A bullfrog zombie (D:6)
  3 orc priests
  2 orc wizards (D:8)
  6 hounds
  A jelly (D:9)
  A bullfrog skeleton (D:9)
  A centaur skeleton (D:9)
  Natasha (thrice) (D:3)
  2 iguanas
  10 worker ants
  A killer bee zombie (D:5)
  5 mummies
  Robin (D:3)
  A howler monkey zombie (D:7)
  13 gnolls
  11 adders
  4 shadow imps
  2 adder zombies
  An adder skeleton (D:4)
  5 worms
  A dart slug (D:1)
  8 leopard geckos
  17 orcs
  4 bats
  4 giant cockroaches
  2 gnoll zombies (D:6)
  17 goblins
  3 hobgoblins
  19 jackals
  5 quokkas
  4 frilled lizards
  A hobgoblin zombie (D:6)
  3 kobolds
  A kobold zombie (D:6)
  2 orc zombies (D:6)
  A quokka skeleton (D:4)
  6 rats
233 creatures vanquished.

Notes
Turn   | Place    | Note
-------+----------+-------------------------------------------
     0 | D:1      | slep the Minotaur Fighter began the quest for the Orb.
     0 | D:1      | Reached XP level 1. HP: 19/19 MP: 0/0
   214 | D:1      | Reached XP level 2. HP: 24/27 MP: 1/1
   403 | D:1      | Found a glowing golden altar of the Shining One.
   411 | D:1      | Became a worshipper of the Shining One
   563 | D:2      | Noticed an ogre
   574 | D:1      | Killed an ogre
   574 | D:1      | Reached skill level 3 in Long Blades
   574 | D:1      | Reached XP level 3. HP: 32/33 MP: 2/2
   574 | D:1      | Reached XP level 4. HP: 39/40 MP: 3/3
   702 | D:2      | Reached skill level 4 in Long Blades
   740 | D:2      | Reached skill level 1 in Dodging
   747 | D:2      | Reached XP level 5. HP: 34/46 MP: 4/4
   748 | D:2      | Found a deep blue altar of Sif Muna.
  1222 | D:3      | Noticed Robin
  1235 | D:3      | Reached skill level 5 in Shields
  1254 | D:3      | Killed Robin
  1326 | D:3      | Reached XP level 6. HP: 27/53 MP: 5/5
  1337 | D:3      | Reached skill level 5 in Long Blades
  1491 | D:3      | Noticed Natasha
  1498 | D:3      | Killed Natasha
  1498 | D:3      | Reached * piety under the Shining One
  1502 | D:3      | Found a glowing silver altar of Zin.
  1587 | D:3      | Noticed Natasha
  1591 | D:3      | Killed Natasha
  1636 | D:3      | Found a sacrificial altar of Ru.
  1821 | D:3      | Noticed Natasha
  1828 | D:3      | Killed Natasha
  1828 | D:3      | Reached skill level 5 in Armour
  1890 | D:4      | Found a radiant altar of Vehumet.
  2065 | D:4      | Reached skill level 6 in Long Blades
  2069 | D:4      | Reached XP level 7. HP: 52/60 MP: 6/6
  2070 | D:4      | Found a staircase to the Ecumenical Temple.
  2080 | D:4      | Reached skill level 5 in Fighting
  2128 | D:4      | Gained mutation: You are resistant to electric shocks. (rElec) [mutagenic meat]
  2192 | D:4      | Found a glowing golden altar of the Shining One.
  2324 | D:4      | Reached skill level 7 in Long Blades
  2390 | D:4      | Noticed Grinder
  2390 | D:4      | Reached ** piety under the Shining One
  2414 | D:4      | Killed Grinder
  2600 | D:4      | Reached XP level 8. HP: 49/69 MP: 7/7
  2647 | D:5      | Entered Level 5 of the Dungeon
  2825 | D:5      | Found a white marble altar of Elyvilon.
  2892 | D:5      | Reached skill level 8 in Long Blades
  3309 | D:6      | Noticed Edmund
  3320 | D:6      | Killed Edmund
  3320 | D:6      | Reached skill level 9 in Long Blades
  3591 | D:6      | Reached XP level 9. HP: 57/78 MP: 8/8
  3612 | D:6      | Reached *** piety under the Shining One
  3869 | D:6      | Found a basalt altar of Yredelemnul.
  4027 | D:6      | Reached skill level 10 in Long Blades
  4027 | D:6      | Reached skill level 1 in Maces & Flails
  4324 | D:7      | Found a shimmering altar of Xom.
  4487 | D:7      | Learned a level 1 spell: Apportation
  4493 | D:7      | Found Vappa's Armour Shop.
  4536 | D:7      | Found a shattered altar of Ashenzari.
  5069 | D:8      | Reached skill level 5 in Maces & Flails
  5366 | D:8      | Found a sand-covered staircase.
  5366 | D:8      | Reached **** piety under the Shining One
  5372 | Ossuary  | Entered an ossuary
  5406 | Ossuary  | Reached XP level 10. HP: 48/86 MP: 9/9
  5684 | D:8      | Found Jala's Jewellery Shoppe.
  6095 | D:9      | Found a hazy altar of Hepliaklqana.
  6854 | D:10     | Entered Level 10 of the Dungeon
  6878 | D:10     | Reached ***** piety under the Shining One
  6975 | D:10     | Noticed a two-headed ogre
  6982 | D:10     | Killed a two-headed ogre
  7002 | D:10     | HP: 1/88 [slime creature (11)]
  7003 | D:10     | Slain by a large slime creature

Vault maps used:
D:1:      eino_arrival_water_star, tso_altar
D:2:      lemuel_coloured_pillars_altar
D:3:      minitemple, st_stairs_5, uniq_natasha, uniq_robin
D:4:      fiery_altar_vehumet, overflow_temple_1_default,
          minmay_temple_entry_trees, first_bread, uniq_grinder
D:5:      lemuel_doored_altar
D:6:      lemuel_zombie_altar_yredelemnul, minmay_mini_ossuary, uniq_edmund
D:7:      nicolae_overflow_crystal_walls, nicolae_overflow_hidden_temple,
          serial_shops, shop_fountains, the_bakery
D:8:      gup_ossuary_entry_pyramid, serial_shops, shop_fountains
D:9:      overflow_temple_1_default
D:10:     lair_entry_dummy, minmay_statue_bubble
Ossuary:  ossuary_minmay_four_chambers

Skill      XL: |  1  2  3  4  5  6  7  8  9 10 |
---------------+-------------------------------+-----
Armour         | 4 5 7 8 9 |  9.2
Shields        | 4 5 6 8 |  8.7
Fighting       | 4 5 6 7 8 |  8.1
Long Blades    | 3 4 6 7 9 10 | 10.0
Dodging        | 1 2 4 |  4.6
Maces & Flails | 5 8 |  8.6
Throwing       | |  0.3
Stealth        | |  0.1

Action                   |  1- 3 |  4- 6 |  7- 9 | 10-12 || total
-------------------------+-------+-------+-------+-------++-------
Melee: Long sword        |    59 |   198 |   180 |       ||   437
       Headbutt          |    10 |    22 |    47 |    40 ||   119
       Flail             |       |       |   139 |   176 ||   315
Throw: Throwing net      |       |       |     2 |       ||     2
  Use: Scroll            |       |       |     5 |    11 ||    16
  Eat: Chunk             |       |     4 |    13 |     4 ||    21
       Fruit             |       |       |     2 |     2 ||     4
Armor: Scale mail        |    20 |    87 |   119 |     9 ||   235
       Chain mail        |       |       |       |    43 ||    43
Dodge: Dodged            |    20 |    59 |   110 |    48 ||   237
Block: Shield            |    27 |   137 |   175 |    77 ||   416
       Rpst.: Long sword |     4 |    13 |    13 |       ||    30

Table legend:
 A = Spawn XP
 B = Non-spawn XP
 C = Spawn XP percentage of total XP
 D = Spawn monster count
 E = Non-spawn monster count
 F = Spawn count percentage of total count
 G = Total turns spent on level
                    A         B        C        D         E        F      G
               +---------+---------+-------+---------+---------+-------+---------
         Total |       0 |    9476 |   0.0 |       0 |     233 |   0.0 |  7003
               +---------+---------+-------+---------+---------+-------+---------
           D:1 |       0 |     148 |   0.0 |       0 |      20 |   0.0 |   568
           D:2 |       0 |     140 |   0.0 |       0 |      28 |   0.0 |   519
           D:3 |       0 |     250 |   0.0 |       0 |      35 |   0.0 |   756
           D:4 |       0 |     921 |   0.0 |       0 |      21 |   0.0 |   804
           D:5 |       0 |     634 |   0.0 |       0 |      15 |   0.0 |   662
           D:6 |       0 |    1416 |   0.0 |       0 |      35 |   0.0 |   853
           D:7 |       0 |     846 |   0.0 |       0 |      13 |   0.0 |   623
           D:8 |       0 |    1089 |   0.0 |       0 |      19 |   0.0 |  1026
           D:9 |       0 |    2075 |   0.0 |       0 |      26 |   0.0 |   872
          D:10 |       0 |    1159 |   0.0 |       0 |       6 |   0.0 |   135
       Ossuary |       0 |     798 |   0.0 |       0 |      15 |   0.0 |   185
               +---------+---------+-------+---------+---------+-------+---------
